| TOP OF THE 1ST |
|
University of Maine Black Bears batting - Pitching for Arizona State University Sun Devils : RHP Luis Escajeda
|
|
Pitching: RHP Luis Escajeda
|
|
|
Batting: RHB Wang Huan
|
0-0: Called Strike 0-1: Foul Ball, location: 2F 0-2: Ball 1-2: Ground out 6-3 (Groundball, 6, EV 85.0 MPH)
|
|
Batting: LHB Dave Aguilar
|
0-0: Swinging Strike 0-1: Fly out, F7 (Flyball, 7LD, EV 95.6 MPH)
|
|
Batting: SHB Mario Barajas
|
0-0: Swinging Strike 0-1: Swinging Strike 0-2: Foul Ball, location: 2F 0-2: Ball 1-2: Strikes out swinging
|
| Top of the 1st over - 0 runs, 0 hits, 0 errors, 0 left on base; University of Maine 0 - Arizona State University 0 |
| BOTTOM OF THE 1ST |
|
Arizona State University Sun Devils batting - Pitching for University of Maine Black Bears : LHP Simone Richelmi
|
|
Pitching: LHP Simone Richelmi
|
|
|
Batting: LHB Eric Russell
|
0-0: Ball 1-0: Ground out 4-3 (Groundball, 4, EV 110.6 MPH)
|
|
Batting: RHB Rusty Gee
|
0-0: Ground out 6-3 (Groundball, 6, EV 105.0 MPH)
|
|
Batting: LHB Dustin Gill
|
0-0: Ball 1-0: Foul Ball, location: 2F 1-1: Swinging Strike 1-2: Foul Ball, location: 2F 1-2: Ball 2-2: Foul Ball, location: 2F 2-2: Strikes out swinging
|
| Bottom of the 1st over - 0 runs, 0 hits, 0 errors, 0 left on base; University of Maine 0 - Arizona State University 0 |
| TOP OF THE 2ND |
|
University of Maine Black Bears batting - Pitching for Arizona State University Sun Devils : RHP Luis Escajeda
|
|
Batting: LHB Taro Inamine
|
0-0: Ball 1-0: Swinging Strike 1-1: Called Strike 1-2: Strikes out swinging
|
|
Batting: RHB Geoffrey Potter
|
0-0: Single, Error in OF, E7, batter to second base (Line Drive, 56D, EV 98.8 MPH)
|
|
Batting: LHB Carlos Rivera
|
0-0: Fly out, F7 (Flyball, 78M, EV 88.8 MPH)
|
|
Batting: RHB Geoffrey Gonzalez
|
0-0: Ball 1-0: Ball 2-0: Fly out, F4 (Line Drive, 34, EV 63.1 MPH)
|
| Top of the 2nd over - 0 runs, 1 hit, 1 error, 1 left on base; University of Maine 0 - Arizona State University 0 |
| BOTTOM OF THE 2ND |
|
Arizona State University Sun Devils batting - Pitching for University of Maine Black Bears : LHP Simone Richelmi
|
|
Batting: RHB John Burgis
|
0-0: Ground out 4-3 (Groundball, 4, EV 87.5 MPH)
|
|
Batting: SHB Manny Aponte
|
0-0: Ball 1-0: Ball 2-0: Called Strike 2-1: Swinging Strike 2-2: Ball 3-2: Strikes out swinging
|
|
Batting: LHB Burraga Iukini
|
0-0: Ball 1-0: Called Strike 1-1: Ball 2-1: Foul Ball, location: 2F 2-2: Ground out 3-1 (Groundball, 13, EV 87.5 MPH)
|
| Bottom of the 2nd over - 0 runs, 0 hits, 0 errors, 0 left on base; University of Maine 0 - Arizona State University 0 |
| TOP OF THE 3RD |
|
University of Maine Black Bears batting - Pitching for Arizona State University Sun Devils : RHP Luis Escajeda
|
|
Batting: LHB John Bergeron
|
0-0: Ball 1-0: Ground out 5-3 (Groundball, 56, EV 100.6 MPH)
|
|
Batting: RHB Rewa Havika
|
0-0: Called Strike 0-1: Ball 1-1: SINGLE (Line Drive, 9, EV 88.1 MPH)
|
|
Batting: RHB Wang Huan
|
0-0: Foul Ball, location: 2F 0-1: Ball 1-1: Ball 2-1: Swinging Strike 2-2: Foul Ball, location: 2F 2-2: Ball 3-2: Strikes out looking Rewa Havika is caught stealing 2nd base 2-4 Batter strikes out.
|
| Top of the 3rd over - 0 runs, 1 hit, 0 errors, 0 left on base; University of Maine 0 - Arizona State University 0 |
| BOTTOM OF THE 3RD |
|
Arizona State University Sun Devils batting - Pitching for University of Maine Black Bears : LHP Simone Richelmi
|
|
Batting: RHB Jun-hyuk Leem
|
0-0: Ball 1-0: Ball 2-0: Ball 3-0: Ground out 6-3 (Groundball, 6, EV 90.0 MPH)
|
|
Batting: RHB Carl Evans
|
0-0: Ball 1-0: Foul Ball, location: 2F 1-1: Called Strike 1-2: Strikes out looking
|
|
Batting: LHB Timon Giorgiou
|
0-0: Ball 1-0: Swinging Strike 1-1: Ball 2-1: Ball 3-1: Foul Ball, location: 2F 3-2: Strikes out swinging
|
| Bottom of the 3rd over - 0 runs, 0 hits, 0 errors, 0 left on base; University of Maine 0 - Arizona State University 0 |
| TOP OF THE 4TH |
|
University of Maine Black Bears batting - Pitching for Arizona State University Sun Devils : RHP Luis Escajeda
|
|
Batting: LHB Dave Aguilar
|
0-0: Called Strike 0-1: Ground out 4-3 (Groundball, 4M, EV 100.6 MPH)
|
|
Batting: SHB Mario Barajas
|
0-0: Ball 1-0: Fly out, F8 (Flyball, 8LXD, EV 98.1 MPH)
|
|
Batting: LHB Taro Inamine
|
0-0: Ball 1-0: Ball 2-0: Foul Ball, location: 2F 2-1: Swinging Strike 2-2: Ground out 4-3 (Groundball, 34D, EV 98.1 MPH)
|
| Top of the 4th over - 0 runs, 0 hits, 0 errors, 0 left on base; University of Maine 0 - Arizona State University 0 |
| BOTTOM OF THE 4TH |
|
Arizona State University Sun Devils batting - Pitching for University of Maine Black Bears : LHP Simone Richelmi
|
|
Batting: LHB Eric Russell
|
0-0: Ball 1-0: Ball 2-0: Swinging Strike 2-1: Foul Ball, location: 2F 2-2: Ball 3-2: Fly out, F9 (Line Drive, 9D, EV 103.8 MPH)
|
|
Batting: RHB Rusty Gee
|
0-0: Foul Ball, location: 2F 0-1: Fly out, F4 (Popup, 23, EV 86.2 MPH)
|
|
Batting: LHB Dustin Gill
|
0-0: Ball 1-0: Ground out 6-3 (Groundball, 6S, EV 90.0 MPH)
|
| Bottom of the 4th over - 0 runs, 0 hits, 0 errors, 0 left on base; University of Maine 0 - Arizona State University 0 |
| TOP OF THE 5TH |
|
University of Maine Black Bears batting - Pitching for Arizona State University Sun Devils : RHP Luis Escajeda
|
|
Batting: RHB Geoffrey Potter
|
0-0: Called Strike 0-1: Ball 1-1: SINGLE (Line Drive, 78S, EV 96.2 MPH)
|
|
Batting: LHB Carlos Rivera
|
0-0: Swinging Strike 0-1: Ball 1-1: Foul Ball, location: 2F 1-2: Ball Wild Pitch! Geoffrey Potter to second 2-2: DOUBLE (Line Drive, 78M, EV 108.8 MPH) Geoffrey Potter scores
|
|
Batting: RHB Geoffrey Gonzalez
|
0-0: Ball 1-0: Fly out, F9 (Line Drive, 9, EV 103.8 MPH) Runner from 2nd tags up, OUT at 3rd! 9-5
|
|
Batting: LHB John Bergeron
|
0-0: Ball 1-0: Ball 2-0: Called Strike 2-1: SINGLE (Line Drive, 78S, EV 88.8 MPH)
|
|
Batting: RHB Rewa Havika
|
0-0: Called Strike 0-1: Swinging Strike 0-2: Foul Ball, location: 2F 0-2: Ball 1-2: Ball 2-2: Strikes out looking
|
| Top of the 5th over - 1 run, 3 hits, 0 errors, 1 left on base; University of Maine 1 - Arizona State University 0 |
| BOTTOM OF THE 5TH |
|
Arizona State University Sun Devils batting - Pitching for University of Maine Black Bears : LHP Simone Richelmi
|
|
Batting: RHB John Burgis
|
0-0: Ball 1-0: Foul Ball, location: 2F 1-1: Foul Ball, location: 2F 1-2: Ground out 5-3 (Groundball, 5, EV 83.8 MPH)
|
|
Batting: SHB Manny Aponte
|
0-0: Foul Ball, location: 2F 0-1: Ground out 4-3 (Groundball, 4M, EV 103.1 MPH)
|
|
Batting: LHB Burraga Iukini
|
0-0: Ball 1-0: Ball 2-0: Ball 3-0: Base on Balls
|
|
Batting: RHB Jun-hyuk Leem
|
0-0: Ball 1-0: SINGLE (Line Drive, 9S, EV 110.0 MPH) Burraga Iukini to second
|
|
Batting: RHB Carl Evans
|
0-0: Ball 1-0: Swinging Strike 1-1: Ball 2-1: Foul Ball, location: 2F 2-2: Foul Ball, location: 2F 2-2: Strikes out swinging
|
| Bottom of the 5th over - 0 runs, 1 hit, 0 errors, 2 left on base; University of Maine 1 - Arizona State University 0 |
| TOP OF THE 6TH |
|
University of Maine Black Bears batting - Pitching for Arizona State University Sun Devils : RHP Luis Escajeda
|
|
Batting: RHB Wang Huan
|
0-0: Ball 1-0: Ground out 5-3 (Groundball, 5, EV 105.0 MPH)
|
|
Batting: LHB Dave Aguilar
|
0-0: Ground out 4-3 (Groundball, 4M, EV 87.5 MPH)
|
|
Batting: SHB Mario Barajas
|
0-0: Called Strike 0-1: Ball 1-1: Foul Ball, location: 2F 1-2: SINGLE (Groundball, 56D, EV 107.5 MPH)
|
|
Batting: LHB Taro Inamine
|
0-0: Ball 1-0: Foul Ball, location: 2F 1-1: Ball 2-1: Ball 3-1: Base on Balls Mario Barajas to second
|
|
Batting: RHB Geoffrey Potter
|
0-0: Called Strike 0-1: Ball 1-1: Fielders Choice at 2nd, 6-4 (Groundball, 6, EV 101.2 MPH)
|
| Top of the 6th over - 0 runs, 1 hit, 0 errors, 2 left on base; University of Maine 1 - Arizona State University 0 |
| BOTTOM OF THE 6TH |
|
Arizona State University Sun Devils batting - Pitching for University of Maine Black Bears : LHP Simone Richelmi
|
|
Batting: LHB Timon Giorgiou
|
0-0: Ball 1-0: Foul Ball, location: 2F 1-1: Foul Ball, location: 2F 1-2: Strikes out looking
|
|
Batting: LHB Eric Russell
|
0-0: Swinging Strike 0-1: Fly out, F9 (Flyball, 9, EV 86.9 MPH)
|
|
Batting: RHB Rusty Gee
|
0-0: Ball 1-0: Foul Ball, location: 2F 1-1: Ball 2-1: Swinging Strike 2-2: Ball 3-2: DOUBLE (Groundball, 5L, EV 110.6 MPH)
|
|
Pitching: RHP Chris Hill
|
|
|
Batting: LHB Dustin Gill
|
0-0: Ball 1-0: Ball 2-0: Ball 3-0: Base on Balls
|
|
Batting: RHB John Burgis
|
0-0: Ball Wild Pitch! Rusty Gee to third Dustin Gill to second 1-0: SINGLE (Groundball, 15S, EV 68.1 MPH) (infield hit) Rusty Gee scores Dustin Gill to third
|
|
Batting: SHB Manny Aponte
|
0-0: Ball 1-0: Foul Ball, location: 2F 1-1: Foul Ball, location: 2F 1-2: Foul Ball, location: 2F 1-2: Ball Wild Pitch! Dustin Gill scores John Burgis to second 2-2: Foul Ball, location: 2F 2-2: Foul Ball, location: 2F 2-2: Foul Ball, location: 2F 2-2: Ball 3-2: Foul Ball, location: 2F 3-2: 2-RUN HOME RUN (Line Drive, 89XD, EV 101.9 MPH), Distance : 397 ft
|
|
Pitching: RHP Chance Crawford
|
|
|
Batting: LHB Burraga Iukini
|
0-0: Called Strike 0-1: Ball 1-1: Foul Ball, location: 2F 1-2: Foul Ball, location: 2F 1-2: Strikes out looking
|
| Bottom of the 6th over - 4 runs, 3 hits, 0 errors, 0 left on base; University of Maine 1 - Arizona State University 4 |
| TOP OF THE 7TH |
|
University of Maine Black Bears batting - Pitching for Arizona State University Sun Devils : RHP Luis Escajeda
|
|
Pitching: LHP Nick Segar
|
|
|
Batting: LHB Carlos Rivera
|
0-0: Foul Ball, location: 2F 0-1: Ball 1-1: Fly out, F9 (Flyball, 89S, EV 86.2 MPH)
|
|
Pitching: RHP Dave Cano
|
|
|
Batting: RHB Geoffrey Gonzalez
|
0-0: Called Strike 0-1: Ball 1-1: Foul Ball, location: 2F 1-2: Ball 2-2: Ball 3-2: Base on Balls
|
|
Batting: LHB John Bergeron
|
0-0: Ball 1-0: Ball 2-0: Ball 3-0: Base on Balls Geoffrey Gonzalez to second
|
|
Batting: RHB Rewa Havika
|
0-0: Swinging Strike 0-1: Ball 1-1: Called Strike 1-2: Strikes out swinging
|
|
Batting: RHB Wang Huan
|
0-0: Called Strike 0-1: SINGLE (Groundball, P, EV 91.9 MPH) (infield hit) Geoffrey Gonzalez to third John Bergeron to second
|
|
Batting: LHB Dave Aguilar
|
0-0: Called Strike 0-1: Fly out, F9 (Flyball, 89S, EV 88.8 MPH)
|
| Top of the 7th over - 0 runs, 1 hit, 0 errors, 3 left on base; University of Maine 1 - Arizona State University 4 |
| BOTTOM OF THE 7TH |
|
Arizona State University Sun Devils batting - Pitching for University of Maine Black Bears : RHP Chance Crawford
|
|
Batting: RHB Jun-hyuk Leem
|
0-0: Called Strike 0-1: Called Strike 0-2: Ball 1-2: Strikes out swinging
|
|
Batting: RHB Carl Evans
|
0-0: Ball 1-0: Fly out, F7 (Flyball, 7, EV 84.4 MPH)
|
|
Batting: LHB Timon Giorgiou
|
0-0: Foul Ball, location: 2F 0-1: SOLO HOME RUN (Line Drive, 9D, EV 94.4 MPH), Distance : 367 ft
|
|
Batting: LHB Eric Russell
|
0-0: Ball 1-0: Ball 2-0: Foul Ball, location: 2F 2-1: Ball 3-1: Called Strike 3-2: Strikes out swinging
|
| Bottom of the 7th over - 1 run, 1 hit, 0 errors, 0 left on base; University of Maine 1 - Arizona State University 5 |
| TOP OF THE 8TH |
|
University of Maine Black Bears batting - Pitching for Arizona State University Sun Devils : RHP Dave Cano
|
|
Batting: SHB Mario Barajas
|
0-0: Swinging Strike 0-1: Ball 1-1: Ball 2-1: Ball 3-1: Called Strike 3-2: Single, Error in OF, E8, batter to second base (Line Drive, 8LS, EV 95.6 MPH)
|
|
Batting: LHB Taro Inamine
|
0-0: Reached on error, E4 (Groundball, 4, EV 79.4 MPH) Mario Barajas to third
|
|
Batting: RHB Geoffrey Potter
|
0-0: Ball 1-0: Ball 2-0: Ball 3-0: Called Strike 3-1: Foul Ball, location: 2F 3-2: Foul Ball, location: 2F 3-2: SINGLE (Groundball, 56D, EV 97.5 MPH) Mario Barajas scores Taro Inamine to second
|
|
Batting: LHB Carlos Rivera
|
0-0: Ball 1-0: SINGLE (Groundball, 4MD, EV 106.2 MPH) Taro Inamine to third Geoffrey Potter to second Throwing error, E8 Taro Inamine scores Geoffrey Potter to third Carlos Rivera to second
|
|
Pitching: RHP Josh Wolford
|
|
|
Batting: RHB Geoffrey Gonzalez
|
0-0: Foul Ball, location: 2F 0-1: Foul Ball, location: 2F 0-2: Ball 1-2: Foul Ball, location: 2F 1-2: Strikes out looking
|
|
Batting: LHB John Bergeron
|
0-0: Called Strike 0-1: Foul Ball, location: 2F 0-2: Strikes out looking
|
|
Batting: RHB Rewa Havika
|
0-0: Foul Ball, location: 2F 0-1: Foul Ball, location: 2F 0-2: Strikes out looking
|
| Top of the 8th over - 2 runs, 3 hits, 3 errors, 2 left on base; University of Maine 3 - Arizona State University 5 |
| BOTTOM OF THE 8TH |
|
Arizona State University Sun Devils batting - Pitching for University of Maine Black Bears : RHP Chance Crawford
|
|
Batting: RHB Rusty Gee
|
0-0: Called Strike 0-1: Ball 1-1: Ball 2-1: Ground out 1-3 (Groundball, 15, EV 71.2 MPH)
|
|
Batting: LHB Dustin Gill
|
0-0: Called Strike 0-1: Ground out 6-3 (Groundball, 6, EV 101.9 MPH)
|
|
Batting: RHB John Burgis
|
0-0: Ball 1-0: Fly out, F8 (Flyball, 8LM, EV 88.8 MPH)
|
| Bottom of the 8th over - 0 runs, 0 hits, 0 errors, 0 left on base; University of Maine 3 - Arizona State University 5 |
| TOP OF THE 9TH |
|
University of Maine Black Bears batting - Pitching for Arizona State University Sun Devils : RHP Josh Wolford
|
|
Pitching: RHP Roberto Silva
|
|
|
Pinch Hitting: LHB Ed Leighton
|
0-0: Swinging Strike 0-1: Called Strike 0-2: Ball 1-2: Foul Ball, location: 2F 1-2: Strikes out swinging
|
|
Batting: LHB Dave Aguilar
|
0-0: Swinging Strike 0-1: Swinging Strike 0-2: Ground out 3-1 (Groundball, 34S, EV 66.9 MPH)
|
|
Batting: SHB Mario Barajas
|
0-0: Fly out, F8 (Line Drive, 8LM, EV 90.6 MPH)
|
| Top of the 9th over - 0 runs, 0 hits, 0 errors, 0 left on base; University of Maine 3 - Arizona State University 5 |
|